 Dungeon Crawl Stone Soup version 0.22.1-2-g9c5b331383 (webtiles) character file.

9340 Jynx the Martial Artist (level 11, -5/78 HPs)
             Began as an Octopode Transmuter on Nov 12, 2018.
             Was a Follower of Ashenzari.
             Slain by a two-headed ogre
             ... wielding a +0 giant club
              (30 damage)
             ... on level 9 of the Dungeon.
             The game lasted 00:32:07 (10747 turns).

Jynx the Martial Artist (Octopode Transmuter)      Turns: 10747, Time: 00:32:08

Health: -5/78      AC:  2    Str:  9    XL:     11   Next: 45%
Magic:  12/17      EV: 22    Int: 16    God:    Ashenzari [*.....]
Gold:   561        SH:  0    Dex: 21    Spells: 3/18 levels left

rFire    . . .     SeeInvis .     - Unarmed
rCold    . . .     Gourm    .   (shield currently unavailable)
rNeg     . . .     Faith    .   (helmet currently unavailable)
rPois    x         Spirit   .   e - amulet of regeneration
rElec    .         Reflect  .   h - ring of resist corrosion (curse)
rCorr    +         Harm     .   (no ring)
MR       .....                  (no ring)
Stlth    ++........             (no ring)
HPRegen  0.63/turn              (no ring)
MPRegen  0.15/turn              (no ring)
                                (no ring)
                                (no ring)

@: spider-form, very slightly contaminated
A: tiny, almost no armour, stealthy swim, (amphibious), 8 rings, (constrict 8)
a: End Transformation, Curse Item, Scrying, Renounce Religion


You were on level 9 of the Dungeon.
You worshipped Ashenzari.
Ashenzari was aware of your devotion.
You were not hungry.
You were a venomous arachnid creature.
You visited 2 branches of the dungeon, and saw 11 of its levels.
You also visited: Ossuary.

You collected 561 gold pieces.

Inventory:

Missiles
 a - 102 arrows
 d - a tomahawk (quivered)
Jewellery
 e - an amulet of regeneration (around neck)
 f - an uncursed amulet of the acrobat
 h - a cursed ring of resist corrosion (left front leg)
Wands
 l - a wand of scattershot (1)
 u - a wand of acid (8)
 v - a wand of random effects (25)
Scrolls
 b - 5 scrolls of teleportation
 m - 3 scrolls of amnesia
 n - a scroll of enchant armour
Potions
 g - a potion of flight
 i - 4 potions of magic
 k - a potion of agility {unknown}
 o - a potion of cancellation {unknown}
 p - a potion of might {unknown}
 r - 3 potions of lignification {unknown}
 s - 2 potions of haste {unknown}
 t - a potion of resistance {unknown}
 w - 2 potions of brilliance {unknown}
Comestibles
 c - 18 rations
 j - 5 chunks of flesh


   Skills:
 + Level 8.9 Fighting
 + Level 3.5 Dodging
 * Level 11.5 Unarmed Combat
 - Level 4.0 Spellcasting
 - Level 9.4 Transmutations


You had 3 spell levels left.
You knew the following spells:

 Your Spells              Type           Power        Failure   Level  Hunger
a - Beastly Appendage     Tmut           ####..       3%          1    None
b - Sticks to Snakes      Tmut           ####....     3%          2    ##.....
c - Spider Form           Tmut/Pois      ###.......   21%         3    ###....
d - Ice Form              Ice/Tmut       ###.....     45%         4    ####...
e - Blade Hands           Tmut           ####......   24%         5    ######.

Your spell library contained the following spells:

 Spells                   Type           Power        Failure   Level  Hunger
 Magic Dart               Conj           #...         36%         1    None
 Blink                    Tloc           N/A          47%         2    ##.....
 Call Imp                 Summ           #.......     47%         2    ##.....
 Slow                     Hex            #.......     47%         2    ##.....
 Conjure Flame            Conj/Fire      #.......     67%         3    ###....
 Mephitic Cloud           Conj/Pois/Air  #.......     67%         3    ###....


Dungeon Overview and Level Annotations

Branches:
Dungeon (10/15)            Temple (1/1) D:7
   Lair: D:8-11         Orc: D:9-12

Altars:
Ashenzari
Cheibriados
Dithmenos
Fedhas
Makhleb
Nemelex Xobeh
Okawaru
Ru
Sif Muna
Trog
Uskayaw
Wu Jian
Xom
Yredelemnul
Zin

Shops:
D:8 (

Annotations:
D:3 2 transporters
D:9 1 transporter, exclusion: oklob plant


Innate Abilities, Weirdness & Mutations

You cannot wear most types of armour.
You are very stealthy in the water. (Stealth+)
((You are amphibious.))
You can wear up to eight rings at the same time.
((You can use your tentacles to constrict eight enemies at once.))
((Your skin changes colour to match your surroundings (Stealth+).))
((Your rubbery body absorbs attacks. (AC +1, EV +1)))


Message History

The two-headed ogre hits you with a giant club!!
The centaur shoots an arrow.
The arrow hits you!
* * * LOW HITPOINT WARNING * * *
You climb upwards.
Level annotation: 1 transporter, exclusion: oklob plant
There is a stone staircase leading down here.
You hit the two-headed ogre but do no damage.
The two-headed ogre is lightly wounded.
The two-headed ogre closely misses you.
The two-headed ogre completely misses you.
You hit the two-headed ogre.
The two-headed ogre looks as sick as possible!
The two-headed ogre is moderately wounded.
The two-headed ogre misses you. x2
You bite the two-headed ogre!
The two-headed ogre is severely wounded.
You hit the two-headed ogre but do no damage.
The two-headed ogre is severely wounded.
The two-headed ogre hits you with a giant club!!
You die...

######...........############..##
######..#######..# #..##
........#######..############....
...................[.............
.................................
.......###########...............
.................................
.......).......O)................
########........s...............)
#........[)......########.
#................# #[
#........######### #[
########[......## ###.
.......[.......# #..[
......)######### #... .......#
#... .......######### #...


You could see a two-headed ogre.

Vanquished Creatures
  Harold (D:7)
  A centaur warrior (D:10)
  Pikel (D:7)
  Grinder (D:5)
  2 hippogriffs
  Sigmund (D:2)
  Eustachio (D:3)
  11 yaks
  2 wyverns (D:10)
  Grum (D:8)
  Menkaure (D:6)
  A water moccasin (D:6)
  5 orc warriors
  A slave (D:6)
  An ice beast (D:8)
  3 phantoms
  2 necrophages
  4 ogres
  6 wolves
  A centaur (D:9)
  A crocodile (D:8)
  5 bullfrogs
  A scorpion (D:8)
  A killer bee (D:10)
  5 howler monkeys
  6 wights
  2 bullfrog zombies (D:10)
  2 crimson imps
  9 hounds
  A quasit (D:9)
  A centaur zombie (D:6)
  7 jellies
  7 orc wizards
  2 orc priests
  A bullfrog skeleton (D:10)
  4 iguanas
  4 worker ants
  A killer bee zombie (Ossuary)
  A hound skeleton (D:8)
  3 mummies (Ossuary)
  2 worker ant zombies
  3 gnolls
  15 adders
  A river rat (D:6)
  A shadow imp (D:7)
  3 oozes
  2 adder skeletons
  A worm (D:2)
  2 dart slugs
  2 leopard geckos
  30 orcs
  7 bats
  2 giant cockroaches
  10 goblins
  7 hobgoblins
  4 jackals (D:10)
  10 kobolds
  3 quokkas
  2 frilled lizards
  A quokka zombie (D:8)
  6 rats
225 creatures vanquished.

Vanquished Creatures (collateral kills)
  A troll (D:9)
1 creature vanquished.

Vanquished Creatures (others)
  4 toadstools (D:1)
4 creatures vanquished.

Grand Total: 230 creatures vanquished

Notes
Turn   | Place    | Note
-------+----------+-------------------------------------------
     0 | D:1      | Jynx the Octopode Transmuter began the quest for the Orb.
     0 | D:1      | Reached XP level 1. HP: 13/13 MP: 3/3
   417 | D:1      | Reached XP level 2. HP: 17/18 MP: 5/5
   630 | D:1      | Reached XP level 3. HP: 20/23 MP: 6/6
   724 | D:1      | Learned a level 2 spell: Sticks to Snakes
   728 | D:1      | Learned a level 3 spell: Spider Form
   974 | D:2      | Found an iron altar of Okawaru.
  1048 | D:2      | Reached XP level 4. HP: 28/29 MP: 7/7
  1124 | D:2      | Noticed Sigmund
  1167 | D:2      | Killed Sigmund
  1167 | D:2      | Reached XP level 5. HP: 13/36 MP: 5/9
  1167 | D:2      | Reached XP level 6. HP: 15/41 MP: 5/10
  1570 | D:3      | Found a snail-covered altar of Cheibriados.
  1619 | D:3      | Found a transporter.
  1619 | D:3      | Noticed an orc warrior
  1630 | D:3      | Noticed an ice beast
  1737 | D:3      | Found a burning altar of Makhleb.
  1908 | D:3      | Found a transporter.
  1932 | D:3      | Found an ornate altar of the Wu Jian Council.
  1940 | D:3      | Noticed a phantom
  1987 | D:2      | Learned a level 4 spell: Ice Form
  2019 | D:3      | Killed a phantom
  2019 | D:3      | Reached skill level 5 in Transmutations
  2386 | D:4      | Reached XP level 7. HP: 46/46 MP: 8/12
  2631 | D:4      | Noticed Eustachio
  3337 | D:3      | Killed Eustachio
  3337 | D:3      | Reached skill level 4 in Unarmed Combat
  3549 | D:4      | Reached XP level 8. HP: 49/54 MP: 14/14
  3927 | D:5      | Entered Level 5 of the Dungeon
  4034 | D:5      | Found a sand-covered staircase.
  4045 | Ossuary  | Entered an ossuary
  4282 | D:5      | Noticed Grinder
  4296 | D:5      | Killed Grinder
  4296 | D:5      | Reached skill level 5 in Unarmed Combat
  4436 | D:5      | Reached skill level 5 in Fighting
  4626 | D:5      | Found an iron altar of Okawaru.
  4806 | D:5      | Found a shattered altar of Ashenzari.
  4810 | D:5      | Became a worshipper of Ashenzari the Shackled
  4819 | D:5      | Found a glowing silver altar of Zin.
  5333 | D:6      | Found a bloodstained altar of Trog.
  5362 | D:6      | Found a glowing drain.
  5370 | D:6      | Noticed Menkaure
  5376 | D:6      | Killed Menkaure
  5376 | D:6      | Reached skill level 6 in Unarmed Combat
  5508 | D:6      | Learned a level 5 spell: Blade Hands
  5711 | D:6      | Found a shimmering altar of Xom.
  5829 | D:7      | Noticed Pikel
  5852 | D:6      | Reached XP level 9. HP: 55/61 MP: 9/15
  6101 | D:7      | Found a staircase to the Ecumenical Temple.
  6110 | Temple   | Entered the Ecumenical Temple
  6217 | D:7      | Reached skill level 7 in Unarmed Combat
  6421 | D:7      | Killed Pikel
  6632 | D:7      | Reached skill level 8 in Unarmed Combat
  6749 | D:7      | Noticed Harold
  6774 | D:7      | Killed Harold
  6774 | D:7      | Reached XP level 10. HP: 28/71 MP: 9/16
  6990 | D:8      | Noticed Grum
  6999 | D:7      | Reached skill level 9 in Unarmed Combat
  7077 | D:8      | Reached * piety under Ashenzari
  7146 | D:8      | Killed Grum
  7423 | D:8      | Found Sophuchi's Antique Weapon Shoppe.
  7455 | D:8      | Found a deep blue altar of Sif Muna.
  8084 | D:9      | Found a transporter.
  8237 | D:9      | Reached skill level 10 in Unarmed Combat
  8797 | D:9      | Found a blossoming altar of Fedhas.
  8808 | D:9      | Noticed an oklob plant
  8925 | D:9      | Found a sparkling altar of Nemelex Xobeh.
  8925 | D:9      | Found a basalt altar of Yredelemnul.
  8952 | D:9      | Reached XP level 11. HP: 61/75 MP: 12/17
  9013 | D:9      | Found a shadowy altar of Dithmenos.
  9265 | D:10     | Entered Level 10 of the Dungeon
  9436 | D:10     | Found a basalt altar of Yredelemnul.
  9499 | D:10     | Noticed a centaur warrior
  9508 | D:10     | Killed a centaur warrior
  9508 | D:10     | Reached skill level 11 in Unarmed Combat
  9625 | D:10     | Noticed a two-headed ogre
  9870 | D:9      | HP: 3/91 [wolf (5)]
 10073 | D:9      | HP: 4/93 [troll (8)]
 10747 | D:9      | Slain by a two-headed ogre

Skill      XL: |  1  2  3  4  5  6  7  8  9 10 11 |
---------------+----------------------------------+-----
Transmutations | 3 4 5 6 7 8 9 |  9.4
Fighting       | 2 3 4 5 7 8 |  8.9
Spellcasting   | 3 4 |  4.0
Unarmed Combat | 4 6 8 10 11 | 11.5
Dodging        | 3 |  3.5

Action                   |  1- 3 |  4- 6 |  7- 9 | 10-12 || total
-------------------------+-------+-------+-------+-------++-------
Melee: Unarmed           |    78 |    77 |   253 |   305 ||   713
       Constrict         |    25 |    17 |    18 |    18 ||    78
       Kick              |    13 |    11 |    16 |    15 ||    55
       Tentacles         |     9 |     6 |    14 |     5 ||    34
       Punch             |     2 |       |     6 |     5 ||    13
 Cast: Beastly Appendage |    19 |    12 |    14 |    10 ||    55
       Spider Form       |       |     2 |     2 |     1 ||     5
       Ice Form          |       |     1 |    17 |    29 ||    47
       Sticks to Snakes  |       |       |       |     7 ||     7
Invok: Curse Item        |       |       |       |     1 ||     1
       Scrying           |       |       |       |     3 ||     3
Evoke: Wand              |       |       |       |     2 ||     2
  Use: Scroll            |     4 |     2 |     6 |     6 ||    18
       Potion            |       |       |     1 |     2 ||     3
 Stab: Sleeping          |     4 |     2 |     4 |       ||    10
       Distracted        |       |       |       |     1 ||     1
  Eat: Chunk             |     1 |     3 |    18 |    20 ||    42
       Ration            |       |       |     1 |       ||     1
Armor: Skin              |    13 |    14 |    33 |    83 ||   143
Dodge: Dodged            |    49 |    44 |   162 |   232 ||   487
